AoeStats
← [CL] Al3jandr0.magn00

Arabia

506234918Analyzed
1v1 RM · 18d ago on Sep 12, 2026· 23m 38s· 2 players
Game mode
Random Map
Map size
Tiny (2 player)
Population
200
Speed
Normal
Resources
Standard
Victory
Conquest
Starting age
Dark Age
Ending age
Imperial Age
RankedLock teamsTeams togetherTeam positionsShared explorationLock speedFull tech treeHidden civsTurbo modeCheats
Victory
Defeat
🇦🇷 Portuguese · Argentina
1800
+17
🇨🇴 Japanese · Colombia
1815
-17
[CL] Al3jandr0.magn00
5:52 Loom
8:44 Feudal Age
9:38 Double-Bit Axe
14:06 Fletching
20:32 Wheelbarrow
23:23 Castle Age
21:26 Horse Collar
22:15 Scale Barding Armor
22:55 Bloodlines
23:21 Gold Mining
24:31 Chain Barding Armor
Se7n
6:09 Loom
8:58 Feudal Age
9:03 Man-at-Arms
13:38 Double-Bit Axe
14:30 Fletching
25:15 Castle Age
23:49 Gold Mining
Connection lost

Rejoining the realm…

Still unreachable

The connection could not be restored.

Session expired

The server has moved on; the page needs a fresh start.